Map: Jagannatha LE

Players

Neeb

  • Race: Protoss Protoss
  • Spawn Location: 7:00

TLO - Winner!

  • Race: Zerg Zerg
  • League: Master
  • Spawn Location: 1:00

Event: DreamHack SC2 Masters 2020 Winter

VOD

Have the link to the VOD?

Description

Time

  • Played on: Oct. 28, 2020, 7 p.m.
  • Length: 9:25

All games in this series

Show
View Real Time Build Order
Export as new Build Order

Neeb Protoss 

Build Orders: 1 Gate Expand, Oracle Opening, Zealot Archon 

Get SALT Encoding   

  12  0:00  Probe  
  13  0:12  Probe  
  14  0:21  Pylon  
  14  0:24  Probe  
  15  0:39  Probe (Chrono Boost)  
  15  0:41  Gateway  
  16  0:48  Probe (Chrono Boost)  
  17  0:51  Assimilator  
  17  0:53  Probe  
  18  1:05  Probe  
  19  1:17  Probe  
  20  1:28  Nexus  
  20  1:38  Cybernetics Core  
  20  1:41  Probe  
  20  1:46  Assimilator  
  21  1:53  Probe  
  22  1:57  Pylon  
  22  2:05  Probe (Chrono Boost)  
  23  2:12  Adept (Chrono Boost)  
  26  2:16  Probe (Chrono Boost)  
  26  2:21  Stargate, Probe (Chrono Boost)  
  27  2:31  Warp Gate  
  27  2:32  Probe  
  27  2:35  Adept (Chrono Boost)  
  30  2:41  Probe  
  31  2:44  Probe  
  32  2:53  Probe  
  32  2:55  Gateway  
  32  2:56  Probe  
  34  3:01  Void Ray (Chrono Boost)  
  34  3:05  Probe  
  40  3:12  Probe  
  40  3:17  Probe  
  41  3:20  Pylon  
  41  3:25  Probe  
  42  3:28  Adept  
  42  3:29  Probe  
  45  3:35  Oracle (Chrono Boost)  
  45  3:37  Probe  
  49  3:41  Probe  
  49  3:42  Pylon  
  50  3:49  Probe  
  50  3:53  Probe  
  52  4:01  Probe  
  53  4:03  Oracle (Chrono Boost)  
  53  4:05  Probe  
  57  4:10  Nexus  
  57  4:11  Pylon  
  57  4:13  Probe  
  58  4:18  Probe  
  58  4:22  Assimilator  
  59  4:24  Assimilator  
  59  4:25  Probe  
  60  4:33  Probe  
  60  4:37  Probe  
  62  4:44  Forge, Twilight Council  
  62  4:45  Shield Battery, Probe  
  63  4:47  Adept x2  
  63  4:49  Probe (Chrono Boost)  
  68  4:57  Probe (Chrono Boost)  
  69  5:03  Robotics Facility  
  69  5:05  Pylon  
  70  5:07  Probe (Chrono Boost)  
  70  5:17  Pylon  
  70  5:19  Charge  
  70  5:21  Pylon, Protoss Ground Weapons Level 1 (Chrono Boost)  
  70  5:22  Probe (Chrono Boost)  
  70  5:23  Sentry x2  
  70  5:27  Probe x2 (Chrono Boost)  
  77  5:31  Probe (Chrono Boost)  
  77  5:35  Probe x2 (Chrono Boost)  
  80  5:36  Probe (Chrono Boost)  
  77  5:44  Gateway  
  77  5:46  Probe x2  
  77  5:48  Probe  
  80  5:51  Gateway  
  80  5:53  Templar Archives  
  80  5:55  Gateway  
  80  5:56  Observer  
  81  5:57  Gateway  
  81  5:58  Probe  
  81  6:00  Assimilator  
  81  6:01  Assimilator, Gateway  
  82  6:04  Gateway  
  82  6:06  Probe, Sentry  
  82  6:08  Gateway  
  84  6:12  Probe  
  84  6:14  Gateway  
  85  6:18  Warp Prism (Chrono Boost)  
  85  6:19  Pylon  
  85  6:23  Probe  
  85  6:24  Probe x2  
  90  6:34  Pylon  
  90  6:35  Pylon, Probe  
  90  6:36  Zealot  
  90  6:37  Pylon  
  93  6:41  Zealot  
  93  6:42  Pylon  
  93  6:45  Photon Cannon  
  95  6:48  Photon Cannon  
  95  6:52  Photon Cannon  
  95  6:54  Probe  
  96  6:56  High Templar x4  
  96  7:00  Archon x2  
  104  7:02  Zealot x2  
  108  7:14  Shield Battery  
  108  7:15  Immortal (Chrono Boost)  
  104  7:18  Shield Battery  
  104  7:20  Shield Battery  
  104  7:22  Stalker x2, Sentry  
  112  7:27  Shield Battery  
  110  7:31  Pylon  
  110  7:37  High Templar x2  
  110  7:38  Zealot  
  110  7:42  Zealot x2  
  120  7:50  Archon  
  120  7:58  Zealot  
  120  7:59  Zealot x4  
  120  8:06  Pylon  
  116  8:12  Zealot  
  116  8:13  Zealot x2  
  112  8:25  Zealot x4  
  107  8:33  Zealot x4  
  103  8:35  Cybernetics Core  
  101  8:47  Zealot x3  
  101  8:48  Zealot  
  106  8:58  Zealot  
  106  8:59  Zealot x3  
Show
View Real Time Build Order
Export as new Build Order

TLO Zerg - Winner!

Build Orders: Hatch First 

Get SALT Encoding   

  12  0:00  Drone  
  13  0:12  Overlord  
  13  0:16  Drone  
  14  0:31  Drone x2  
  16  0:46  Drone  
  16  0:47  Drone  
  18  0:56  Hatchery  
  17  0:58  Drone  
  18  1:04  Extractor  
  17  1:15  Spawning Pool  
  17  1:18  Drone  
  17  1:20  Drone  
  18  1:28  Drone  
  19  1:40  Drone  
  20  1:50  Overlord  
  20  2:01  Queen  
  20  2:04  Metabolic Boost  
  22  2:08  Zergling x2  
  22  2:09  Queen  
  22  2:10  Zergling x2  
  22  2:14  Drone  
  27  2:21  Drone  
  27  2:22  Drone  
  29  2:31  Drone  
  30  2:40  Hatchery  
  30  2:42  Zergling x2  
  30  2:44  Drone  
  30  2:50  Zergling x2  
  32  2:54  Overlord  
  32  2:55  Drone  
  33  3:02  Overlord  
  33  3:05  Overlord  
  33  3:12  Drone x2  
  34  3:13  Drone  
  34  3:14  Drone  
  36  3:20  Drone  
  36  3:22  Queen  
  36  3:26  Drone  
  39  3:30  Zergling x2  
  39  3:33  Queen  
  42  3:36  Zergling x2  
  43  3:41  Zergling x2  
  43  3:42  Zergling x2  
  43  3:44  Drone  
  43  3:46  Drone  
  43  3:47  Drone  
  48  3:50  Drone  
  48  3:54  Queen  
  51  3:58  Drone  
  51  3:59  Drone  
  51  4:02  Spore Crawler  
  52  4:05  Spore Crawler  
  52  4:06  Drone  
  52  4:08  Drone  
  53  4:11  Drone  
  53  4:12  Drone  
  55  4:17  Drone  
  55  4:19  Drone  
  55  4:21  Spore Crawler  
  55  4:23  Drone x2  
  58  4:24  Drone  
  58  4:29  Overlord  
  58  4:31  Spore Crawler  
  58  4:32  Spore Crawler  
  58  4:34  Drone  
  58  4:39  Overlord  
  58  4:42  Lair  
  58  4:48  Drone x2, Baneling Nest  
  58  4:49  Drone  
  58  4:50  Drone  
  58  4:51  Drone  
  58  4:52  Drone  
  63  4:55  Zergling x2  
  63  4:57  Drone  
  63  4:58  Drone  
  63  4:59  Zergling x4  
  68  5:01  Drone  
  68  5:02  Drone  
  68  5:04  Drone, Extractor  
  70  5:08  Roach Warren  
  70  5:10  Drone  
  70  5:11  Drone  
  70  5:13  Overlord  
  71  5:14  Drone  
  71  5:16  Drone  
  71  5:19  Drone  
  74  5:25  Overlord  
  74  5:27  Pneumatized Carapace  
  74  5:28  Extractor  
  74  5:30  Overlord  
  74  5:31  Drone  
  74  5:34  Drone x4  
  77  5:37  Drone  
  77  5:38  Spore Crawler  
  77  5:39  Drone  
  79  5:42  Drone  
  79  5:45  Drone  
  79  5:47  Drone  
  79  5:48  Glial Reconstitution  
  79  5:52  Drone  
  79  5:54  Extractor, Roach  
  79  5:55  Roach x2  
  85  5:58  Extractor  
  85  6:00  Roach  
  85  6:02  Overlord  
  85  6:04  Roach  
  88  6:07  Hatchery  
  88  6:09  Roach  
  88  6:10  Roach  
  91  6:11  Overlord  
  91  6:16  Overlord  
  91  6:17  Roach  
  91  6:18  Roach  
  95  6:21  Roach  
  95  6:22  Extractor  
  95  6:23  Roach x2  
  99  6:31  Roach x2  
  99  6:34  Roach  
  99  6:35  Roach x2  
  99  6:36  Roach x2  
  99  6:38  Zergling x4  
  109  6:40  Roach  
  109  6:42  Roach  
  109  6:43  Overlord  
  109  6:45  Overseer  
  113  6:47  Roach  
  113  6:48  Overlord  
  113  6:50  Zergling x2  
  113  6:51  Zergling x2  
  113  6:53  Ravager  
  118  6:55  Zergling x4  
  118  6:59  Roach, Overlord  
  122  7:04  Ravager x2  
  122  7:07  Roach  
  125  7:09  Roach  
  125  7:11  Roach  
  125  7:14  Roach x2  
  132  7:16  Roach  
  132  7:18  Roach  
  132  7:21  Roach x2  
  139  7:25  Roach, Overlord  
  139  7:26  Roach  
  139  7:28  Roach  
  144  7:32  Roach  
  146  7:37  Roach, Overlord  
  146  7:38  Zergling x2  
  146  7:41  Roach x2  
  146  7:43  Overlord  
  150  7:45  Roach  
  150  7:49  Roach x3  
  158  7:52  Overlord  
  158  7:56  Overlord  
  158  7:57  Roach  
  158  7:58  Roach  
  160  8:01  Roach  
  160  8:02  Roach  
  160  8:03  Roach x2  
  160  8:04  Roach  
  164  8:05  Roach  
  164  8:07  Roach  
  160  8:13  Roach  
  160  8:16  Roach  
  144  8:20  Roach  
  144  8:21  Roach x3  
  144  8:26  Roach  
  146  8:28  Roach  
  146  8:30  Roach  
  146  8:31  Queen, Roach, Zergling x2  
  146  8:33  Roach  
  153  8:34  Roach  
  153  8:38  Roach x2  
  155  8:41  Roach  
  155  8:44  Overseer  
  155  8:46  Roach  
  155  8:47  Roach  
  155  8:51  Roach  
  157  8:57  Roach  
  157  8:58  Roach x2  
  157  8:59  Roach  
Tags
 
Add a new tag
Caveats
  • Supply blocks, unpowered buildings, or Contaminate may cause inaccurate times.
  • Supply counts are checked every 10 seconds.